 Dungeon Crawl Stone Soup version 0.30-a0-965-g42e074c17a (webtiles) character file.

Game seed: 13826562458661800278

7896 ders the Thaumaturge (level 11, -4/65 HPs)
             Began as a Djinni Conjurer on Mar 30, 2023.
             Was a Follower of Ashenzari.
             Killed from afar by a rime drake (17 damage)
             ... with an icy flash freeze
             ... on level 2 of the Lair of Beasts.
             The game lasted 00:13:47 (10577 turns).

ders the Thaumaturge (Djinni Conjurer)             Turns: 10577, Time: 00:13:48

Health: -4/65      AC:  7    Str:  6    XL:     11   Next: 45%
Gold:   658        EV: 12    Int: 25    God:    Ashenzari [*.....] SH:  0 Dex: 11

rFire   + + +      SeeInvis .    (no weapon)
rCold   . . .      Faith    .    (no shield)
rNeg    . . .      Spirit   .    h - +0 steam dragon scales
rPois   ∞          Reflect  .    u - +0 helmet "Share My Affliction" {Self, Range} (curse)
rElec   .          Rampage  .    B - scarf of Ashenzari's Anarchy {rC+ rF+, Self, Range} (curse)
rCorr   .                        o - +0 pair of gloves
Will    +....                    (boots unavailable)
Stlth   ++                       (no amulet)
HPRegen 0.30/turn                (no ring)
MPRegen 0.00/turn                (no ring)

@: flying, studying Staves
A: sickness immunity, fire resistance 2, cold vulnerability 1, float, innate
caster, HP casting, extra vitality 1
a: Renounce Religion, Shatter the Chains


You were on level 2 of the Lair of Beasts.
You worshipped Ashenzari.
Ashenzari was aware of your devotion.
You visited 3 branches of the dungeon, and saw 11 of its levels.
You also visited: Sewer.

You collected 658 gold pieces.

Inventory:

Missiles
 G - a throwing net
Armour
 a - a +0 robe
 h - +0 steam dragon scales (worn)
 o - a +0 pair of gloves (worn)
 s - the +5 plate armour "Vessusk" {Drain rElec Will+ Str+2}
   (You found it on level 3 of the Dungeon)

   Str:       It affects your strength (+2).
   rElec:     It insulates you from electricity.
   Drain:     It drains your maximum health when unequipped.
   Will:      It increases your willpower.
 t - a +0 cloak
 u - the cursed +0 helmet "Share My Affliction" (worn) {Self, Range}
   (You found it on level 4 of the Dungeon)

   It has a curse which improves the following skills: Introspection: Fighting
   and Spellcasting.
   Ranged Combat: Ranged Weapons and Throwing.
 v - a +0 robe of willpower
 B - the cursed scarf of Ashenzari's Anarchy (worn) {rC+ rF+, Self, Range}
   (You found it on level 5 of the Dungeon)

   It has a curse which improves the following skills: Introspection: Fighting
   and Spellcasting.
   Ranged Combat: Ranged Weapons and Throwing.
Jewellery
 b - a ring of see invisible
 c - a ring of protection from fire
 r - a +6 ring of strength
 y - a ring of positive energy
Wands
 q - a wand of digging (4)
 w - a wand of flame (35)
 D - a wand of iceblast (3)
Scrolls
 i - 8 scrolls of teleportation
 j - 3 scrolls of blinking
 k - 2 scrolls of fog
 l - 4 scrolls of poison
 n - a scroll of vulnerability
 C - a scroll of magic mapping
 K - a scroll of identify
Potions
 d - 5 potions of haste
 e - 3 potions of might
 f - a potion of cancellation
 m - 2 potions of resistance
 p - 3 potions of heal wounds
 x - 7 potions of flight
 z - 4 potions of curing
 A - a potion of brilliance
 E - a potion of magic
 F - 4 potions of mutation
 H - a potion of berserk rage
 I - a potion of experience
 J - a potion of ambrosia


   Skills:
 - Level 2.2 Dodging
 - Level 1.6 Stealth
 + Level 13.4(14.6) Spellcasting


You knew the following spells:

 Your Spells              Type           Power      Damage    Failure   Level
a - Magic Dart            Conj           100%       1d8       0%          1
b - Searing Ray           Conj           100%       2d8       0%          2
c - Dazzling Flash        Conj/Hex       100%       N/A       1%          3
d - Fulminant Prism       Conj/Hex       37%        3d17      1%          4
e - Iskenderun's Mystic   Conj/Tloc      74%        2d15      1%          4
f - Foxfire               Conj/Fire      100%       2x1d6     0%          1
g - Blink                 Tloc           100%       N/A       0%          2
h - Inner Flame           Hex/Fire       74%        N/A       1%          3
i - Summon Ice Beast      Ice/Summ       74%        N/A       1%          4
j - Metabolic Englaciati  Hex/Ice        37%        N/A       1%          5
Your spell library was empty.

Dungeon Overview and Level Annotations

Branches:
Dungeon (8/15)             Temple (1/1) D:5            Lair (2/5) D:8
  Sewer (visited)
  Swamp: Lair:2-3    Shoals: Lair:2-3     Snake: Lair:2-3    Spider: Lair:2-3

Altars:
Ashenzari
Cheibriados
Dithmenos
Elyvilon
Fedhas
Gozag
Hepliaklqana
Nemelex Xobeh
Okawaru
Qazlal
Ru
Trog
Uskayaw
Wu Jian
Xom
Yredelemnul
The Shining One

Shops:
D:5 [


Innate Abilities, Weirdness & Mutations

You are immune to sickness and miasma.
You are immune to poison.
Your flesh is very heat resistant. (rF++)
You are vulnerable to cold. (rC-)
You float through the air rather than walking.
You learn spells naturally, not from books.
Your magical power is your life essence.
You have superior vitality. (+4 MHP)


Message History

The six-headed hydra is heavily wounded.
The six-headed hydra is knocked back by the mystic blast.
A killer bee comes into view.
Casting: Iskenderun's Mystic Blast (safe; 1% risk of failure)
Confirm with . or Enter, or press ? or * to list all spells.
You erupt in a blast of force!
The mystic blast hits the killer bee!!
You kill the killer bee!
Casting: Iskenderun's Mystic Blast (safe; 1% risk of failure)
Confirm with . or Enter, or press ? or * to list all spells.
You erupt in a blast of force!
The mystic blast hits the six-headed hydra!
The six-headed hydra is severely wounded.
The six-headed hydra is knocked back by the mystic blast.
* * * LOW HITPOINT WARNING * * *
As you read the scroll of fear, it crumbles to dust.
You assume a fearsome visage.
The killer bee looks frightened!
The rime drake resists with some effort.
The six-headed hydra looks frightened!
The rime drake breathes ice at you. The icy flash freeze misses you.
Casting: Iskenderun's Mystic Blast (safe; 1% risk of failure)
Confirm with . or Enter, or press ? or * to list all spells.
You erupt in a blast of force!
The mystic blast hits the rime drake!
The rime drake is heavily wounded.
The rime drake is knocked back by the mystic blast.
* * * LOW HITPOINT WARNING * * *
Okay, then.
Casting: Iskenderun's Mystic Blast (safe; 1% risk of failure)
Confirm with . or Enter, or press ? or * to list all spells.
Aiming: Fulminant Prism (safe; 1% risk of failure)
Press: ? - help, Dir - move target You conjure a prism of explosive energy!
* * * LOW HITPOINT WARNING * * *
A fulminant prism comes into view.
Your fulminant prism crackles loudly.
An elephant comes into view.
The elephant trumpets!
The rime drake breathes ice at you. The icy flash freeze hits you!
You die...

.....##...# ##..##...##
......##.## #.P##[...#
......##.# #..###..##
.....###.# ...# #..# .P#..#
#.# ##.## #..## P##..###.##
..# #...# # ...##..P# #.#
#..## #..##..## #.####..#
##.# ##.@.....# . #P #.#
#...#....# .. P #.#
#...##...## ... ##. #.#
#...#.~..~#.... ##.. ##.#
##†.k~~.~Y~.... ..... #P.###
##..*~.†~..~~..
.....##....##≈≈≈≈~~~≈≈.~~~.~
.P....#....#≈≈≈≈≈≈~~~D~.~~~~
.(....<..P##≈##~~.~..~~.....


You could see an elephant, a rime drake (catching breath, ally target) and a
friendly fulminant prism.

Vanquished Creatures
  A catoblepas (D:8)
  Joseph (D:8)
  A cane toad (Lair:1)
  A rime drake (Lair:1)
  4 komodo dragons
  A hornet (Lair:1)
  4 blink frogs (Lair:1)
  7 yaks
  Eustachio (D:4)
  A steam dragon (D:7)
  6 water moccasins
  Duvessa (D:4)
  An orc warrior (D:8)
  2 black bears
  A sky beast (D:7)
  An ogre (D:7)
  A kobold brigand (D:6)
  7 bullfrogs
  2 gnoll sergeants
  2 scorpions
  Dowan (D:4)
  2 killer bees
  A howler monkey (D:8)
  4 jellies
  3 hounds
  A gnoll bouda (D:8)
  5 orc priests
  4 iguanas
  Jessica (D:3)
  2 orc wizards
  2 sleepcaps
  Robin (D:4)
  13 gnolls
  16 adders
  9 river rats
  2 white imps
  2 ufetubi
  A worm (D:6)
  2 dart slugs
  25 orcs
  7 endoplasms
  7 giant cockroaches
  16 goblins
  10 hobgoblins
  7 jackals
  23 kobolds
  4 quokkas
  10 ball pythons
  9 bats
  8 frilled lizards
  7 rats
251 creatures vanquished.

Vanquished Creatures (others)
  44 fulminant prisms
  10 fungi
  25 plants
79 creatures vanquished.

Grand Total: 330 creatures vanquished

Notes
Turn   | Place    | Note
-------+----------+-------------------------------------------
     0 | D:1      | ders the Djinni Conjurer began the quest for the Orb.
     0 | D:1      | ders set off with the following spells memorised: Magic
                  | Dart, Searing Ray, Dazzling Flash, Fulminant Prism,
                  | Iskenderun's Mystic Blast.
     0 | D:1      | Reached XP level 1. HP: 15/15 MP: 0/0
   153 | D:1      | Reached XP level 2. HP: 17/21 MP: 0/0
   277 | D:1      | Reached XP level 3. HP: 24/25 MP: 0/0
   277 | D:1      | Learned a level 1 spell: Foxfire
   577 | D:1      | Reached skill level 4 in Spellcasting
   682 | D:1      | Found a faded altar of an unknown god.
  1366 | D:2      | Identified the +5 ring mail of Melancholy {Slay+3}
  1431 | D:2      | Reached XP level 4. HP: 29/31 MP: 0/0
  1932 | D:3      | Reached XP level 5. HP: 31/35 MP: 0/0
  1932 | D:3      | Learned a level 2 spell: Blink
  2127 | D:3      | Noticed Jessica
  2129 | D:3      | Killed Jessica
  2130 | D:3      | Reached skill level 5 in Spellcasting
  2292 | D:3      | Identified the +5 plate armour "Vessusk" {Drain rElec Will+
                  | Str+2}
  3011 | D:4      | Noticed Eustachio
  3021 | D:4      | Killed Eustachio
  3022 | D:4      | Reached XP level 6. HP: 2/40 MP: 0/0
  3027 | D:4      | Noticed Dowan
  3169 | D:4      | Noticed Duvessa
  3452 | D:4      | Noticed Robin
  3489 | D:4      | Killed Robin
  3502 | D:4      | Reached skill level 6 in Spellcasting
  3502 | D:4      | Reached XP level 7. HP: 11/45 MP: 0/0
  3502 | D:4      | Learned a level 3 spell: Inner Flame
  3720 | D:4      | Killed Duvessa
  3726 | D:4      | Killed Dowan
  3913 | D:4      | Found a glowing golden altar of the Shining One.
  4134 | D:5      | Entered Level 5 of the Dungeon
  4409 | D:5      | Reached skill level 7 in Spellcasting
  4467 | D:5      | Reached XP level 8. HP: 46/50 MP: 0/0
  4510 | D:5      | Found Voklaif's Armour Emporium.
  5145 | D:5      | Found a staircase to the Ecumenical Temple.
  5154 | Temple   | Entered the Ecumenical Temple
  5238 | Temple   | Became a worshipper of Ashenzari the Shackled
  5362 | D:6      | Reached skill level 8 in Spellcasting
  5743 | D:6      | Found a glowing drain.
  5751 | Sewer    | Entered a sewer
  6386 | Sewer    | Reached XP level 9. HP: 47/55 MP: 0/0
  6386 | Sewer    | Learned a level 4 spell: Summon Ice Beast
  6695 | D:6      | Reached skill level 9 in Spellcasting
  7787 | D:7      | Reached skill level 10 in Spellcasting
  8370 | D:8      | Found a staircase to the Lair.
  8390 | D:8      | Noticed Joseph
  8406 | D:8      | Killed Joseph
  8500 | D:8      | Reached XP level 10. HP: 37/60 MP: 0/0
  8537 | D:8      | Noticed a catoblepas
  8687 | D:8      | Killed a catoblepas
  8688 | D:8      | Reached skill level 11 in Spellcasting
  9240 | Lair:1   | Entered Level 1 of the Lair of Beasts
  9266 | Lair:1   | Noticed a komodo dragon
  9274 | Lair:1   | Killed a komodo dragon
  9282 | Lair:1   | Noticed a komodo dragon
  9287 | Lair:1   | Reached skill level 12 in Spellcasting
  9431 | Lair:1   | Killed a komodo dragon
  9440 | Lair:1   | Noticed a rime drake
  9564 | Lair:1   | Killed a rime drake
  9654 | Lair:1   | Noticed a cane toad
  9664 | Lair:1   | Killed a cane toad
  9665 | Lair:1   | Reached XP level 11. HP: 47/65 MP: 0/0
  9665 | Lair:1   | Learned a level 5 spell: Metabolic Englaciation
 10055 | Lair:1   | Reached skill level 13 in Spellcasting
 10531 | Lair:2   | Reached * piety under Ashenzari
 10563 | Lair:2   | Noticed a six-headed hydra
 10577 | Lair:2   | Noticed an elephant
 10577 | Lair:2   | Killed from afar by a rime drake

Illustrated notes

Levels and vault maps discovered:
D:1:      giann_bridges, layout_loops_corners,
          shapermc_ecumenical_altar_mp_vishouse,
          nicolae_concentric_dashed_squares_mild, nicolae_grassy_gnolls
D:2:      layout_rooms, chequers_avenue, roderic_serpentine_path,
          nicolae_figureground_pulse
D:3:      layout_basic, uniq_jessica
D:4:      layout_rooms, tso_metal_star, minmay_misc_feat_roman, uniq_eustachio,
          uniq_duvessa, uniq_robin
D:5:      minmay_inner_zag, layout_basic, lemuel_temple_firewalk_b,
          serial_shops, nicolae_shop_waterfront, nrook_campfire,
          minmay_manual_moon
D:6:      kennysheep_kobold_camp, layout_loops_ring, gup_sewer_entry_bubbles
D:7:      layout_loops_ring
D:8:      layout_rooms, dpeg_oklobed_lair, minmay_microvault, uniq_joseph
Temple:   compressed_dpeg_circular_temple
Lair:1:   layout_long_grid
Lair:2:   regret_index_combs_of_tragedy, layout_long_grid,
          chequers_serial_rivers_small_3

Skill      XL: |  1  2  3  4  5  6  7  8  9 10 11 |
---------------+----------------------------------+-----
Spellcasting   | 4 5 6 7 8 10 12 13 | 13.4
Dodging        | |  2.2
Stealth        | |  1.6

Action                     |  1- 3 |  4- 6 |  7- 9 | 10-12 || total
---------------------------+-------+-------+-------+-------++-------
  Melee: Unarmed           |       |       |     3 |       ||     3
   Cast: Magic Dart        |    70 |    89 |   173 |    67 ||   399
         Searing Ray       |     3 |     2 |    22 |    11 ||    38
         Iskenderun's Myst |       |     9 |    36 |    40 ||    85
         Fulminant Prism   |       |     5 |    17 |    23 ||    45
         Inner Flame       |       |       |       |     1 ||     1
 Invoke: Curse Item        |       |       |       |     2 ||     2
    Use: Scroll            |       |       |    14 |     1 ||    15
 Armour: Robe              |     2 |     2 |    10 |       ||    14
         Steam dragon scal |       |       |     3 |     5 ||     8
  Dodge: Dodged            |     6 |     1 |    19 |     9 ||    35

Table legend: (Time is in decaauts)
 A = Elapsed time spent in this place.
 B = Non-inter-level travel time spent in this place.
 C = Inter-level travel time spent in this place.
 D = Time resting spent in this place.
 E = Time spent auto-exploring this place.
 F = Levels seen in this place.
 G = Mean time per level.
                   A        B        C        D        E       F      G
               +--------+--------+--------+--------+--------+-----+--------+
         Total |  10580 |   9867 |    713 |   1707 |   6899 |  12 |  881.7 |
       Dungeon |   8683 |   8011 |    672 |   1402 |   5647 |   8 | 1085.4 |
        Temple |     94 |     75 |     19 |      0 |     58 |   1 |   94.0 |
          Lair |   1085 |   1063 |     22 |    305 |    593 |   2 |  542.5 |
         Sewer |    716 |    716 |      0 |      0 |    601 |   1 |  716.0 |
               +--------+--------+--------+--------+--------+-----+--------+

Top non-repeatable levels by time:
     D:3: 1423 daAuts
     D:6: 1170 daAuts
     D:8: 1141 daAuts
     D:5: 1124 daAuts
     D:1: 1122 daAuts
     D:7: 1112 daAuts
  Lair:1: 869 daAuts
     D:4: 859 daAuts
     D:2: 728 daAuts
   Sewer: 716 daAuts
  Lair:2: 215 daAuts
  Temple: 94 daAuts
